 Dungeon Crawl Stone Soup version 0.28-a0-612-gcfc00ec14d (webtiles) character file.

Game seed: 12198404975773416135

3892 porpoise the Thaumaturge (level 10, -11/56 HPs)
             Began as a Deep Elf Conjurer on Oct 6, 2021.
             Was a Believer of Vehumet.
             Killed from afar by Erica (15 damage)
             ... with a lance of force
             ... on level 8 of the Dungeon.
             The game lasted 00:36:45 (11619 turns).

porpoise the Thaumaturge (Deep Elf Conjurer)       Turns: 11619, Time: 00:36:47

Health: -11/56     AC:  7    Str:  6    XL:     10   Next: 0%
Magic:  9/25       EV: 14    Int: 25    God:    Vehumet [**....]
Gold:   483        SH:  5    Dex: 13    Spells: 8/27 levels left

rFire   . . .      SeeInvis .   b - +0 hunting sling (freeze)
rCold   . . .      Faith    .   (no shield)
rNeg    . . .      Spirit   .   x - +2 robe {Will+}
rPois   .          Reflect  +   (no helmet)
rElec   .          Harm     .   l - +0 cloak
rCorr   .          Rampage  .   i - +0 pair of gloves
Will    ++...                   A - +0 pair of boots
Stlth   ++........              d - amulet of reflection
HPRegen 0.18/turn               s - ring of flight
MPRegen 0.19/turn               (no ring)

@: lethally poisoned (-11 -> -14), flying
A: no striking features
a: Renounce Religion


You were on level 8 of the Dungeon.
You worshipped Vehumet.
Vehumet was pleased with you.
You visited 2 branches of the dungeon, and saw 9 of its levels.

You collected 483 gold pieces.

Inventory:

Hand Weapons
 a - a +2 dagger of electrocution
 b - a +0 hunting sling of freezing (weapon)
 r - a +1 vampiric trident
 y - a +2 whip of holy wrath
 N - a +1 mace of venom
Missiles
 f - 349 stones
 q - 41 poisoned darts
 K - 97 sling bullets (quivered ammo)
 T - a boomerang
Armour
 i - a +0 pair of gloves (worn)
 l - a +0 cloak (worn)
 o - a scarf of harm
 x - a +2 robe of willpower (worn)
 A - a +0 pair of boots (worn)
 R - the +5 ring mail of Circular Logic {rElec Regen+}
   (You took it off an orc on level 7 of the Dungeon)

   rElec:     It insulates you from electricity.
   Regen:     It increases your rate of health regeneration.
 S - +0 acid dragon scales
Jewellery
 d - an amulet of reflection (around neck)
 h - an amulet of the acrobat
 s - a ring of flight (left hand)
Wands
 k - a wand of flame (28)
 E - a wand of mindburst (13)
 F - a wand of paralysis (13)
Scrolls
 e - a scroll of fear {unknown}
 j - a scroll of amnesia {unknown}
 m - a scroll of torment {unknown}
 n - a scroll of vulnerability {unknown}
 t - 2 scrolls of immolation
 u - a scroll of noise
 v - a scroll of enchant weapon {unknown}
 B - a scroll of blinking {unknown}
 D - a scroll of enchant armour {unknown}
 L - a scroll of brand weapon
 O - a scroll of teleportation {unknown}
 Q - a scroll of fog {unknown}
Potions
 c - a potion of invisibility
 g - 2 potions of brilliance {unknown}
 p - a potion of berserk rage {unknown}
 w - 2 potions of haste
 z - 4 potions of curing
 C - a potion of flight {unknown}
 G - a potion of heal wounds {unknown}
 H - a potion of magic {unknown}
 I - a potion of might {unknown}
 J - a potion of attraction {unknown}
 M - a potion of degeneration {unknown}
 P - a potion of lignification {unknown}


   Skills:
 - Level 3.0 Fighting
 + Level 6.8 Dodging
 - Level 2.4 Stealth
 + Level 9.2 Spellcasting
 - Level 7.0 Conjurations
 - Level 7.0 Hexes
 - Level 5.0 Translocations
 - Level 7.0 Transmutations


You had 8 spell levels left.
You knew the following spells:

 Your Spells              Type           Power      Damage    Failure   Level
a - Magic Dart            Conj           100%       1d8       1%          1
b - Searing Ray           Conj           92%        2d7       1%          2
c - Fulminant Prism       Conj/Hex       23%        3d13      3%          4
d - Iskenderun's Mystic   Conj/Tloc      41%        2d9       4%          4
r - Irradiate             Conj/Tmut      23%        3d21      9%          5
t - Confusing Touch       Hex            46%        N/A       1%          3

Your spell library contained the following spells:

 Spells                   Type           Power      Damage    Failure   Level
 Poisonous Vapours        Pois/Air       22%        N/A       9%          2
 Passwall                 Tmut/Erth      24%        N/A       1%          2
 Slow                     Hex            46%        N/A       1%          2
 Dazzling Flash           Conj/Hex       92%        N/A       1%          3
 Sublimation of Blood     Necr           5%         N/A       9%          2
 Petrify                  Tmut/Erth      29%        N/A       13%         4
 Swiftness                Air            11%        N/A       16%         3
 Vampiric Draining        Necr           5%         2d6       16%         3
 Summon Mana Viper        Hex/Summ       29%        N/A       34%         5
 Invisibility             Hex            23%        N/A       43%         6
 Summon Ice Beast         Ice/Summ       11%        N/A       47%         4
 Monstrous Menagerie      Summ           5%         N/A       100%        7


Dungeon Overview and Level Annotations

Branches:
Dungeon (8/15)             Temple (1/1) D:4
   Lair: D:8-11

Altars:
Ashenzari
Cheibriados
Dithmenos
Fedhas
Gozag
Kikubaaqudgha
Makhleb
Nemelex Xobeh
Okawaru
Sif Muna
Trog
Uskayaw
Vehumet
Wu Jian
Xom
Yredelemnul
The Shining One

Shops:
D:5 (

Annotations:
D:5 1 runed translucent door, SirDiesAlot's ghost, weakling MiDe
D:6 Dig
D:8 Erica


Message History

You hear some strange, mumbled words.
A bolt of poison appears from out of thin air!
The bolt of poison hits you!!
You are poisoned.
A bullfrog comes into view.
You feel very sick.
You feel very sick.
You feel very sick.
Casting: Fulminant Prism (dangerous; 3% risk of failure)
Confirm with . or Enter, or press ? or * to list all spells.
Aiming: Fulminant Prism (dangerous; 3% risk of failure)
Press: ? - help, Dir - move target You conjure a prism of explosive energy!
The bullfrog gives a loud, deep croak!
A fulminant prism comes into view.
You feel sick.
You feel sick.
The bullfrog snags a nearby moth with its tongue.
Your fulminant prism crackles loudly.
Casting: Fulminant Prism (dangerous; 3% risk of failure)
Confirm with . or Enter, or press ? or * to list all spells.
Aiming: Searing Ray (safe; 1% risk of failure)
Press: ? - help, Shift-Dir - straight line, f - orc warrior
Aim: an orc warrior, wielding a +0 halberd and wearing a +0 chain mail (severely wounded, 80% to hit)
Okay, then.
Unknown command.
Casting: Searing Ray (safe; 1% risk of failure)
Confirm with . or Enter, or press ? or * to list all spells.
You erupt in a blast of force!
The mystic blast hits the orc wizard!
You kill the orc wizard!
Vehumet accepts your kill.
The mystic blast hits the orc warrior but does no damage.
The orc warrior is severely wounded.
You feel sick.
The orc warrior hits you from afar with a +0 halberd!
* * * LOW HITPOINT WARNING * * *
You hear some strange, mumbled words.
A lance of force appears from out of thin air!
The lance of force hits you!
You die...

.....[. ..= ........#.###.
........ .. #.....#...#.
.......###. #...........
.)....F..# #........... )).....#
###......... #
#.....######+#####...#..... ..#.
#.....#*.............#.....
.....#......{).........)........
#)......Fo.@............(...
+.......######..............
#........##...###...........
#........##...###...........
#####....##.................
#....##.................
#....##.................
#######.##....##........ #.
#....##........


You could see an orc warrior, a bullfrog (ally target) and a friendly fulminant
prism.

Vanquished Creatures
  Maggie (D:7)
  Sigmund (D:3)
  A steam dragon (D:7)
  A water moccasin (D:6)
  2 ice beasts (D:7)
  3 necrophages
  3 orc warriors
  2 black bears
  2 ogres (D:5)
  2 centaurs
  A kobold brigand (D:7)
  Blork the orc (D:5)
  A bullfrog (D:7)
  A wyvern zombie (D:8)
  3 scorpions
  9 wights
  2 howler monkeys (D:6)
  2 jellies
  3 orc priests
  4 hounds
  A gnoll shaman (D:6)
  A bullfrog skeleton (D:7)
  A centaur skeleton (D:6)
  Jessica (D:2)
  Ijyb (D:4)
  Terence (D:2)
  3 iguanas
  8 orc wizards
  Crazy Yiuf (D:3)
  A hound zombie (D:5)
  A howler monkey zombie (D:5)
  Robin (D:3)
  7 gnolls
  2 howler monkey skeletons
  7 adders
  A shadow imp (D:5)
  A white imp (D:6)
  3 ufetubi
  2 worms (D:2)
  3 dart slugs
  27 orcs
  16 ball pythons
  6 bats
  4 endoplasms
  5 giant cockroaches
  16 goblins
  8 hobgoblins
  3 jackals (D:4)
  A quokka (D:5)
  3 frilled lizards
  15 kobolds
  7 rats
203 creatures vanquished.

Vanquished Creatures (others)
  9 fulminant prisms
9 creatures vanquished.

Grand Total: 212 creatures vanquished

Notes
Turn   | Place    | Note
-------+----------+-------------------------------------------
     0 | D:1      | porpoise the Deep Elf Conjurer began the quest for the Orb.
     0 | D:1      | Reached XP level 1. HP: 10/10 MP: 6/6
   319 | D:1      | Reached XP level 2. HP: 15/15 MP: 3/8
   323 | D:1      | Learned a level 2 spell: Searing Ray
   467 | D:1      | Found a faded altar of an unknown god.
   729 | D:1      | Reached skill level 4 in Spellcasting
   744 | D:1      | Reached skill level 5 in Conjurations
   744 | D:1      | Reached XP level 3. HP: 18/19 MP: 0/10
  1175 | D:2      | Noticed Jessica
  1178 | D:2      | Killed Jessica
  1326 | D:2      | Noticed Terence
  1338 | D:2      | Killed Terence
  1339 | D:2      | Reached XP level 4. HP: 5/24 MP: 1/12
  1750 | D:2      | Reached skill level 5 in Spellcasting
  2087 | D:2      | Learned a level 4 spell: Fulminant Prism
  2092 | D:2      | Learned a level 4 spell: Iskenderun's Mystic Blast
  2343 | D:3      | Noticed Robin
  2347 | D:3      | Killed Robin
  2348 | D:3      | Reached skill level 1 in Hexes
  2348 | D:3      | Reached XP level 5. HP: 28/28 MP: 2/14
  2799 | D:3      | Reached skill level 6 in Spellcasting
  3802 | D:3      | Noticed Sigmund
  3814 | D:3      | Killed Sigmund
  3815 | D:3      | Reached XP level 6. HP: 23/32 MP: 4/17
  3941 | D:3      | Found a runed translucent door.
  3942 | D:3      | Noticed Crazy Yiuf
  3948 | D:3      | Killed Crazy Yiuf
  3949 | D:3      | Reached skill level 7 in Spellcasting
  4508 | D:4      | Noticed Ijyb
  4754 | D:4      | Reached skill level 5 in Hexes
  4754 | D:4      | Reached skill level 1 in Translocations
  4816 | D:4      | Found an ancient bone altar of Kikubaaqudgha.
  4893 | D:4      | Reached XP level 7. HP: 36/36 MP: 10/19
  5027 | D:4      | Killed Ijyb
  5283 | D:4      | Found a shimmering altar of Xom.
  5520 | D:4      | Found a staircase to the Ecumenical Temple.
  5529 | Temple   | Entered the Ecumenical Temple
  5598 | Temple   | Became a worshipper of Vehumet
  5732 | D:5      | Entered Level 5 of the Dungeon
  6068 | D:5      | Noticed Blork the orc
  6075 | D:5      | Killed Blork the orc
  6076 | D:5      | Reached XP level 8. HP: 32/41 MP: 8/20
  6474 | D:5      | Learned a level 5 spell: Irradiate
  6474 | D:5      | Found a runed translucent door.
  6475 | D:5      | Noticed SirDiesAlot's ghost (weakling MiDe)
  6534 | D:5      | Learned a level 3 spell: Confusing Touch
  6543 | D:5      | Reached skill level 5 in Translocations
  7356 | D:5      | Found Rojec's Antique Weapon Shoppe.
  7538 | D:6      | Reached skill level 8 in Spellcasting
  7627 | D:6      | Reached skill level 9 in Spellcasting
  7701 | D:6      | Reached skill level 1 in Transmutations
  7886 | D:6      | Reached skill level 1 in Fighting
  8498 | D:6      | Reached * piety under Vehumet
  8498 | D:6      | Offered knowledge of Sandblast by Vehumet.
  8521 | D:6      | Reached XP level 9. HP: 10/48 MP: 5/24
  9918 | D:7      | Reached skill level 5 in Transmutations
 10394 | D:7      | Offered knowledge of Poisonous Vapours by Vehumet.
 10533 | D:7      | Reached ** piety under Vehumet
 10534 | D:7      | Reached skill level 5 in Dodging
 10536 | D:7      | Identified the +5 ring mail of Circular Logic {rElec
                  | Regen+}
 10681 | D:7      | Noticed Maggie
 10700 | D:7      | Killed Maggie
 11607 | D:8      | Reached XP level 10. HP: 53/56 MP: 17/25
 11608 | D:8      | Noticed Erica
 11619 | D:8      | Killed from afar by Erica

Illustrated notes

Levels and vault maps discovered:
D:1:      giann_wishing_wells, layout_basic, chequers_ecumenical_altar_simple,
          serial_rivers, chequers_serial_rivers_micro_d,
          chequers_serial_rivers_room_b, chequers_serial_rivers_marsh,
          chequers_serial_rivers_small_a, chequers_serial_rivers_large_a,
          chequers_serial_rivers_room_b, dk_noncrumbling_4
D:2:      minmay_spotlight, layout_rooms, kennysheep_potato, uniq_terence,
          uniq_jessica
D:3:      minmay_wonky_spiral, layout_basic, mrwooster_statue_mirror,
          minmay_increasing_density, uniq_sigmund, uniq_crazy_yiuf_cottage,
          uniq_robin
D:4:      layout_rooms, general_overflow_altar, tgw_xom,
          minmay_temple_entry_enclosed_plants, uniq_ijyb
D:5:      layout_basic, serial_shops, kennysheep_mini_moat,
          ebering_ghost_inner_flame, uniq_blork_the_orc
D:6:      layout_layer_cave, due_unseen_surprise
D:7:      layout_cave_pools, uniq_maggie
D:8:      layout_basic, nicolae_overflow_hidden_temple,
          mainiacjoe_overflow_alcove_4, st_stairs_11, uniq_erica,
          uniq_prince_ribbit1
Temple:   eino_temple_rhombus

Skill      XL: |  1  2  3  4  5  6  7  8  9 |
---------------+----------------------------+-----
Spellcasting   | 4 5 6 7 9 |  9.2
Conjurations   | 5 7 |  7.0
Hexes          | 1 4 5 7 |  7.0
Translocations | 2 4 5 |  5.0
Transmutations | 3 7 |  7.0
Fighting       | 2 3 |  3.0
Dodging        | 6 |  6.8
Stealth        | |  2.4

Action                   |  1- 3 |  4- 6 |  7- 9 | 10-12 || total
-------------------------+-------+-------+-------+-------++-------
Melee: Dagger            |       |       |     1 |       ||     1
 Fire: Hunting sling     |     5 |    47 |    76 |       ||   128
 Cast: Magic Dart        |    36 |    27 |     8 |       ||    71
       Searing Ray       |     9 |    40 |    90 |       ||   139
       Fulminant Prism   |       |       |     8 |     2 ||    10
       Iskenderun's Myst |       |       |    22 |     1 ||    23
  Use: Scroll            |       |       |     5 |       ||     5
Armor: Robe              |     5 |     2 |    19 |       ||    26
Dodge: Dodged            |     5 |    10 |    36 |       ||    51
Block: Other             |     1 |     7 |    12 |       ||    20
       Reflection        |       |       |     2 |       ||     2

Table legend: (Time is in decaauts)
 A = Elapsed time spent in this place.
 B = Non-inter-level travel time spent in this place.
 C = Inter-level travel time spent in this place.
 D = Time resting spent in this place.
 E = Time spent auto-exploring this place.
 F = Levels seen in this place.
 G = Mean time per level.
                   A        B        C        D        E       F      G
               +--------+--------+--------+--------+--------+-----+--------+
         Total |  11674 |  11375 |    299 |   5415 |   4249 |   9 | 1297.1 |
       Dungeon |  11588 |  11305 |    283 |   5415 |   4197 |   8 | 1448.5 |
        Temple |     85 |     69 |     16 |      0 |     52 |   1 |   85.0 |
               +--------+--------+--------+--------+--------+-----+--------+

Top non-repeatable levels by time:
     D:3: 2432 daAuts
     D:6: 2353 daAuts
     D:5: 2035 daAuts
     D:7: 1274 daAuts
     D:1: 1185 daAuts
     D:2: 1074 daAuts
     D:4: 994 daAuts
     D:8: 239 daAuts
  Temple: 85 daAuts
